 Dungeon Crawl Stone Soup version 0.25.1-2-g60ff931df9 (webtiles) character file.

Game seed: 17267872748426214747

4020 Forgol the Covert (level 10, -12/71 HPs)
             Began as an Octopode Assassin on Sept 9, 2020.
             Was an Elder of Okawaru.
             Mangled by Harold
             ... wielding a cursed +0 halberd
              (14 damage)
             ... on level 8 of the Dungeon.
             The game lasted 00:35:08 (10636 turns).

Forgol the Covert (Octopode Assassin)              Turns: 10636, Time: 00:35:09

Health: -12/71     AC:  1    Str: 11    XL:     10   Next: 23%
Magic:  10/10      EV: 10    Int: 14    God:    Okawaru [****..]
Gold:   415        SH:  0    Dex: 19    Spells: 9/9 levels left

rFire    + . .     SeeInvis .   a - +2 dagger
rCold    . . .     Gourm    .   (no shield)
rNeg     + . .     Faith    .   (helmet restricted)
rPois    .         Spirit   .   (no amulet)
rElec    .         Reflect  .   v - ring of flight
rCorr    .         Harm     .   F - ring of the Camelopard {rF+ rN+ Dex+3}
MR       .....                  (no ring)
Stlth    ++++++....             (no ring)
HPRegen  0.21/turn              (no ring)
MPRegen  0.12/turn              (no ring)
                                (no ring)
                                (no ring)

@: about to teleport, held
A: almost no armour, stealthy swim, amphibious, 8 rings, constrict 8, camouflage
1, gelatinous body 1
a: Heroism, Renounce Religion, Evoke Flight


You were on level 8 of the Dungeon.
You worshipped Okawaru.
Okawaru was greatly pleased with you.
You were very hungry.

You visited 2 branches of the dungeon, and saw 9 of its levels.

You collected 415 gold pieces.

Inventory:

Hand Weapons
 a - a +2 dagger (weapon)
 e - a +0 short sword
 l - a +4 hand axe
 t - a +2 whip of freezing
 w - a +1 dagger of venom
Missiles
 b - 23 poisoned darts (quivered)
 c - 2 curare-tipped darts
 j - 122 stones
 p - 32 bolts
 D - 9 boomerangs
Armour
 n - a +0 buckler
Magical Staves
 q - an uncursed staff of earth {unknown}
Jewellery
 v - a ring of flight (left tentacle)
 F - the ring of the Camelopard (right tentacle) {rF+ rN+ Dex+3}
   (You took it off a gnoll on level 7 of the Dungeon)

   [ring of positive energy]

   It affects your dexterity (+3).
   It protects you from fire.
   It protects you from negative energy.
Wands
 s - a wand of digging (11)
 x - a wand of clouds (6)
 A - a wand of paralysis (10)
 C - a wand of random effects (7)
 H - a wand of polymorph (6)
 J - a wand of acid (6)
Scrolls
 f - 2 scrolls of remove curse
 y - a scroll of immolation
 B - 2 scrolls of amnesia
 E - a scroll of enchant armour
 G - a scroll of magic mapping
Potions
 g - a potion of lignification
 h - a potion of invisibility {unknown}
 i - 4 potions of curing
 k - a potion of cancellation {unknown}
 m - a potion of flight
 o - a potion of heal wounds
 r - 2 potions of haste
 z - a potion of might
Comestibles
 d - 14 rations
 I - 3 chunks of flesh


   Skills:
 + Level 7.2 Fighting
 * Level 7.8 Short Blades
 - Level 2.0 Throwing
 + Level 7.2 Dodging
 + Level 11.4 Stealth


You had 9 spell levels left.
You didn't know any spells.
Your spell library contained the following spells:

 Spells                   Type           Power        Failure   Level  Hunger
 Freeze                   Ice            #...         28%         1    ##.....
 Frozen Ramparts          Ice            #.....       65%         3    ####...
 Ozocubu's Armour         Chrm/Ice       #.......     65%         3    ####...
 Hailstorm                Conj/Ice       #.......     96%         4    #####..
 Summon Ice Beast         Ice/Summ       #.......     96%         4    #####..


Dungeon Overview and Level Annotations

Branches:
Dungeon (8/15)             Temple (1/1) D:7
   Lair: D:8-11

Altars:
Ashenzari
Cheibriados
Dithmenos
Elyvilon
Fedhas
Gozag
Hepliaklqana
Kikubaaqudgha
Makhleb
Nemelex Xobeh
Okawaru
Qazlal
Ru
Sif Muna
Trog
Uskayaw
Vehumet
Wu Jian
Xom
Yredelemnul
Zin
The Shining One

Annotations:
D:8 Harold


Innate Abilities, Weirdness & Mutations

You cannot wear most types of armour.
You are very stealthy in the water. (Stealth+)
You are amphibious.
You can wear up to eight rings at the same time.
You can use your tentacles to constrict eight enemies at once.
Your skin changes colour to match your surroundings (Stealth+).
Your rubbery body absorbs attacks. (AC +1, EV +1)


Message History

The centaur shoots an arrow.
The arrow hits you.
Harold hits you from afar with a cursed +0 halberd!
The centaur shoots an arrow.
The arrow hits you!
The howler monkey hoots and howls with incredible vigour!
You hear a howl!
You hear a shout! x6
The centaur looks more healthy.
The centaur shoots an arrow.
The arrow barely misses you.
Harold hits you from afar with a cursed +0 halberd!
* * * LOW HITPOINT WARNING * * *
A howler monkey comes into view.
The howler monkey hoots and howls with incredible vigour!
Harold barely misses you.
The centaur shoots an arrow.
The arrow hits you!
* * * LOW HITPOINT WARNING * * *
As you read the scroll of teleportation, it crumbles to dust.
You feel strangely unstable.
An orc wizard comes into view. It is wielding a +0 dagger.
The centaur shoots an arrow.
The arrow hits you!
* * * LOW HITPOINT WARNING * * *
Harold hits you from afar with a cursed +0 halberd!
You die...

#.###...........##..#........
#....#.........##......##....
.....#......................#
.............#.............##
.#..........###........... #
...#........##....(....... ..
##..........c..รท....... .
#......................
..........@............#
..........(h...##......##
........(....@..##.....#
......#..........#.......
................ho...)..
.......#..............o
..........#....
.........##....


You could see Harold, a centaur, 2 howler monkeys and an orc wizard (wandering).

Vanquished Creatures
  Pikel (D:4)
  Prince Ribbit (D:7)
  A hippogriff (D:6)
  Sigmund (D:5)
  A wraith (D:7)
  A hungry ghost (D:6)
  A water moccasin (D:8)
  Duvessa (D:6)
  2 orc warriors
  A sky beast (D:7)
  2 ice beasts
  A hornet zombie (D:8)
  3 ogres
  2 phantoms (D:6)
  2 centaurs
  A big kobold (D:8)
  3 bullfrogs
  3 scorpions
  Dowan (D:6)
  A gnoll shaman (D:7)
  4 hounds
  Crazy Yiuf (D:7)
  A centaur skeleton (D:4)
  4 orc priests (D:7)
  6 orc wizards
  An iguana (D:8)
  6 worker ants
  A hound skeleton (D:4)
  9 gnolls
  6 adders
  2 adder zombies
  2 worms
  10 dart slugs
  7 leopard geckos
  13 orcs
  5 giant cockroaches
  7 goblins
  6 hobgoblins
  A jackal (D:6)
  12 kobolds
  2 quokkas
  7 bats (D:1)
  4 frilled lizards
  A leopard gecko skeleton (D:7)
  A leopard gecko zombie (D:6)
  6 rats
155 creatures vanquished.

Vanquished Creatures (others)
  A slave (D:4)
  3 iguanas (D:4)
  A worker ant (D:4)
  A leopard gecko (D:4)
  A giant cockroach (D:4)
  3 jackals (D:4)
  A quokka (D:4)
  A ball python (D:4)
  6 plants (D:7)
18 creatures vanquished.

Grand Total: 173 creatures vanquished

Notes
Turn   | Place    | Note
-------+----------+-------------------------------------------
     0 | D:1      | Forgol the Octopode Assassin began the quest for the Orb.
     0 | D:1      | Reached XP level 1. HP: 14/14 MP: 1/1
   186 | D:1      | Reached XP level 2. HP: 19/19 MP: 2/2
   682 | D:1      | Reached skill level 6 in Stealth
   789 | D:1      | Reached XP level 3. HP: 23/24 MP: 3/3
  2206 | D:3      | Reached XP level 4. HP: 30/30 MP: 4/4
  2634 | D:3      | Found an iron altar of Okawaru.
  2642 | D:3      | Became a worshipper of Warmaster Okawaru
  2661 | D:3      | Reached XP level 5. HP: 36/36 MP: 5/5
  3084 | D:3      | Found a stormy altar of Qazlal.
  3085 | D:3      | Found a glowing silver altar of Zin.
  3085 | D:3      | Found a sparkling altar of Nemelex Xobeh.
  3086 | D:3      | Found a radiant altar of Vehumet.
  3420 | D:3      | Reached skill level 7 in Stealth
  3539 | D:4      | Noticed Pikel
  3539 | D:4      | Noticed a slave
  3539 | D:4      | Noticed a slave
  3539 | D:4      | Noticed a slave
  3539 | D:4      | Noticed a slave
  3541 | D:4      | Killed Pikel
  3541 | D:4      | Reached * piety under Okawaru
  3541 | D:4      | Reached skill level 5 in Short Blades
  3541 | D:4      | Reached skill level 8 in Stealth
  3541 | D:4      | Reached XP level 6. HP: 44/44 MP: 6/6
  3541 | D:4      | Reached XP level 7. HP: 49/49 MP: 7/7
  3545 | D:4      | Found an opulent altar of Gozag.
  3566 | D:4      | Reached ** piety under Okawaru
  3568 | D:4      | HP: 2/49 [orc/+0 trident (11)]
  4247 | D:4      | Reached skill level 5 in Fighting
  4247 | D:4      | Reached skill level 9 in Stealth
  4340 | D:5      | Entered Level 5 of the Dungeon
  4407 | D:5      | Reached XP level 8. HP: 30/55 MP: 8/8
  5417 | D:5      | Noticed Sigmund
  5448 | D:5      | Killed Sigmund
  5792 | D:6      | Noticed Duvessa
  5797 | D:6      | Noticed Dowan
  5805 | D:6      | Killed Dowan
  5815 | D:6      | Killed Duvessa
  5815 | D:6      | Reached *** piety under Okawaru
  6083 | D:6      | Noticed a hippogriff
  6097 | D:6      | Paralysed by fainting for 5 turns
  6363 | D:6      | Killed a hippogriff
  6363 | D:6      | Reached skill level 10 in Stealth
  6363 | D:6      | Reached XP level 9. HP: 4/62 MP: 6/9
  6804 | D:6      | Reached skill level 5 in Dodging
  7822 | D:7      | Noticed Prince Ribbit
  7838 | D:7      | Reached **** piety under Okawaru
  7994 | D:7      | Identified the ring of the Camelopard {rF+ rN+ Dex+3}
  8124 | D:7      | Killed Prince Ribbit
  8258 | D:7      | Found a blossoming altar of Fedhas.
  8346 | D:7      | Found a runed translucent door.
  8347 | D:7      | Noticed Crazy Yiuf
  8467 | D:7      | Found an opulent altar of Gozag.
  8727 | D:7      | Reached skill level 11 in Stealth
  8744 | D:7      | Found a staircase to the Ecumenical Temple.
  9212 | D:7      | Reached XP level 10. HP: 29/71 MP: 7/10
  9577 | Temple   | Entered the Ecumenical Temple
  9873 | D:7      | Killed Crazy Yiuf
  9903 | D:8      | Noticed Harold
 10636 | D:8      | HP: 2/71 [centaur/arrow (11)]
 10636 | D:8      | Mangled by Harold

Illustrated notes

Levels and vault maps discovered:
D:1:      matt_arrival_spirals, layout_loops_corners
D:2:      layout_loops_ring
D:3:      kennysheep_slugbush, layout_basic, okawaru_ov_weapons_minmay,
          chequers_temple_overflow_statue_of_worship, first_ration,
          eino_tiny_chamber
D:4:      layout_cave_pools, nicolae_gozag_seed_capital, uniq_pikel
D:5:      layout_cave_pools, uniq_sigmund
D:6:      layout_rooms, minmay_fractal_squares_gapless_5, uniq_duvessa
D:7:      layout_rooms, lemuel_crystal_altar, minmay_temple_entry_statues,
          fedhas_altar_decomposition, uniq_crazy_yiuf_cottage,
          uniq_prince_ribbit1
D:8:      layout_cave_pools, uniq_harold
Temple:   eino_temple_scatter_basement

Skill      XL: |  1  2  3  4  5  6  7  8  9 10 |
---------------+-------------------------------+-----
Stealth        | 6 8 9 10 11 | 11.4
Short Blades   | 3 5 6 7 |  7.8
Fighting       | 4 5 6 7 |  7.2
Dodging        | 4 6 7 |  7.2
Throwing       | |  2.0

Action                   |  1- 3 |  4- 6 |  7- 9 | 10-12 || total
-------------------------+-------+-------+-------+-------++-------
Melee: Dagger            |    55 |    64 |   301 |    75 ||   495
       Constrict         |    10 |    20 |    43 |    13 ||    86
       Tentacles         |     3 |    14 |    75 |    21 ||   113
       Punch             |       |       |     8 |     2 ||    10
Throw: Dart              |       |     2 |    21 |     1 ||    24
Invok: Heroism           |       |       |    12 |     1 ||    13
  Use: Scroll            |     4 |     1 |     5 |     3 ||    13
       Potion            |       |       |     4 |       ||     4
 Stab: Sleeping          |    19 |     3 |    15 |     5 ||    42
       Distracted        |     1 |     2 |     1 |     2 ||     6
  Eat: Chunk             |     4 |     4 |    14 |     3 ||    25
       Ration            |       |       |     3 |       ||     3
Armor: Skin              |     6 |       |     3 |       ||     9
Dodge: Dodged            |    25 |    27 |   155 |    55 ||   262
